Map: Alcyone LE

Players

Applepi - Winner!

  • Race: Zerg Zerg
  • League: Gold
  • Spawn Location: 7:00

A.I. 1 (Hard)

  • Race: Zerg Zerg
  • Spawn Location: 1:00

VOD

Have the link to the VOD?

Description

Time

  • Played on: May 20, 2025, 5:11 p.m.
  • Length: 9:05
Show
View Real Time Build Order
Export as new Build Order

Applepi Zerg - Winner!

Build Orders: Pool First 

Get SALT Encoding   

  12  0:04  Drone  
  13  0:13  Overlord  
  13  0:17  Drone  
  14  0:31  Drone  
  14  0:32  Drone  
  16  0:37  Extractor  
  15  0:47  Spawning Pool, Drone  
  15  0:51  Drone  
  16  1:01  Drone  
  17  1:10  Overlord  
  17  1:30  Hatchery, Drone  
  17  1:34  Drone  
  18  1:40  Metabolic Boost  
  19  1:47  Zergling x2  
  19  1:57  Queen  
  21  2:16  Overlord  
  21  2:20  Drone  
  22  2:23  Drone  
  23  2:30  Drone  
  23  2:33  Queen  
  26  2:39  Drone  
  27  2:47  Drone  
  27  2:50  Drone  
  29  2:54  Queen  
  31  3:02  Drone  
  31  3:04  Drone  
  33  3:09  Drone x2  
  35  3:17  Lair  
  35  3:22  Extractor  
  35  3:24  Drone x3  
  37  3:29  Overlord, Queen  
  39  3:34  Overlord  
  39  3:46  Drone x2  
  41  4:02  Evolution Chamber  
  40  4:03  Drone x2  
  40  4:04  Drone  
  40  4:06  Roach Warren  
  43  4:17  Drone x2  
  43  4:18  Drone x2  
  43  4:19  Drone  
  47  4:28  Zergling x4  
  49  4:34  Zerg Missile Weapons Level 1  
  49  4:48  Roach x5  
  59  4:53  Glial Reconstitution  
  59  4:54  Overlord x2  
  59  5:23  Overlord x2  
  59  5:27  Roach x4  
  67  5:40  Drone  
  68  5:45  Roach x8  
  68  5:48  Overlord x2  
  84  6:04  Hatchery  
  83  6:12  Overlord x2  
  83  6:15  Roach x8  
  99  6:24  Roach  
  96  6:28  Zerg Melee Weapons Level 1  
  96  6:32  Roach x2  
  100  6:43  Roach  
  100  6:44  Roach x5  
  112  6:49  Zergling x2  
  113  6:59  Roach  
  115  7:06  Overlord x2  
  115  7:13  Overlord  
  115  7:14  Overlord  
  115  7:20  Drone x2  
  115  7:22  Roach x2  
  121  7:34  Roach  
  121  7:35  Roach x6  
  135  7:43  Roach x5  
  145  7:55  Overlord x2  
  140  8:01  Roach x3  
  140  8:03  Queen  
  144  8:12  Roach x3  
  150  8:15  Zergling x10  
  150  8:19  Drone  
  156  8:32  Roach  
  156  8:33  Roach x4  
  166  8:34  Zergling x2  
  166  8:35  Zergling x2  
Show
View Real Time Build Order
Export as new Build Order

A.I. 1 (Hard) Zerg 

Build Orders: 1 Base Baneling Bust, Pool First, Zergling Baneling 

Get SALT Encoding   

  12  0:00  Drone  
  13  0:12  Overlord  
  13  0:16  Drone  
  14  0:30  Drone  
  14  0:32  Drone  
  16  0:43  Spawning Pool  
  16  0:45  Drone  
  16  0:49  Drone  
  17  0:52  Extractor  
  17  0:55  Drone  
  17  1:06  Overlord  
  17  1:31  Zergling x2  
  18  1:33  Queen  
  18  1:35  Zergling x2  
  18  1:38  Roach Warren, Drone  
  21  1:46  Extractor  
  20  1:49  Drone  
  21  1:56  Baneling Nest  
  21  2:00  Drone  
  21  2:10  Drone  
  22  2:21  Zergling x2  
  23  2:32  Drone  
  24  2:39  Baneling x2  
  24  2:40  Overlord, Zergling x2  
  24  2:44  Zergling x2  
  26  2:47  Zergling x2  
  26  2:51  Baneling  
  27  2:54  Drone  
  27  2:55  Baneling  
  28  3:05  Zergling x2  
  29  3:11  Zergling x2  
  30  3:15  Zergling x2  
  30  3:17  Overlord  
  30  3:19  Zergling x2  
  32  3:28  Zergling x2  
  32  3:31  Baneling  
  33  3:36  Baneling  
  33  3:38  Zergling x2  
  34  3:42  Baneling x2  
  34  3:44  Zergling x2  
  34  3:47  Zergling x2  
  36  3:50  Evolution Chamber, Drone  
  36  3:51  Zergling x2, Baneling  
  37  4:01  Zergling x2  
  38  4:12  Drone  
  38  4:14  Overlord  
  38  4:15  Drone  
  38  4:17  Drone  
  41  4:23  Drone  
  42  4:34  Drone  
  43  4:44  Drone  
  44  5:49  Overlord, Roach, Metabolic Boost  
  46  5:50  Burrow, Zerg Melee Weapons Level 1  
  46  5:51  Evolution Chamber  
  45  5:59  Roach, Hatchery  
  46  6:10  Roach  
  48  6:14  Drone  
  48  6:17  Zerg Missile Weapons Level 1  
  49  6:20  Roach  
  41  6:29  Ravager  
  41  6:30  Zergling x2  
  37  6:40  Roach  
  39  6:50  Roach, Ravager  
  42  6:57  Spore Crawler  
  42  7:00  Ravager  
  42  7:01  Lair, Spore Crawler  
  42  7:02  Drone  
  42  7:03  Roach  
  44  7:11  Drone  
  44  7:12  Drone  
  44  7:15  Drone  
  47  7:16  Drone  
  47  7:18  Drone  
  47  7:21  Extractor  
  48  7:23  Drone  
  48  7:25  Drone  
  48  7:29  Drone  
  51  7:32  Drone  
  51  7:34  Drone  
  53  7:38  Overlord  
  53  7:41  Drone  
  53  7:43  Drone  
  55  7:47  Drone  
  56  7:53  Drone  
  56  7:57  Drone  
  56  7:58  Zergling x2  
  58  7:59  Overseer, Drone  
  58  8:00  Drone  
  58  8:01  Overseer  
  58  8:03  Hydralisk Den  
  58  8:04  Drone  
  46  8:10  Roach  
  45  8:15  Zergling x2  
  45  8:19  Queen  
  38  8:21  Zergling x2  
  38  8:25  Zergling x2  
  34  8:30  Zergling x2, Drone  
  34  8:31  Drone  
  34  8:33  Roach  
  32  8:36  Evolution Chamber  
Tags
 
Add a new tag
Caveats
  • Supply blocks, unpowered buildings, or Contaminate may cause inaccurate times.
  • Supply counts are checked every 10 seconds.